 Dungeon Crawl Stone Soup version 0.30-a0-465-g8901f6c8b5 (webtiles) character file.

Game seed: 17663370477200023135

9319 yumyumyeen the Cleaver (level 11, -1/91 (95) HPs)
             Began as a Minotaur Berserker on Dec 17, 2022.
             Was an Elder of Trog.
             Slain by Josephine
             ... wielding a +2 vampiric dagger
              (10 damage)
             ... on level 1 of the Orcish Mines.
             The game lasted 00:50:00 (9600 turns).

yumyumyeen the Cleaver (Minotaur Berserker)         Turns: 9600, Time: 00:50:00

HP:   -1/91 (95)    AC: 16    Str: 25    XL:     11   Next: 21%
MP:   10/10         EV: 15    Int:  8    God:    Trog [****..]
Gold: 186           SH:  5    Dex: 21    Spells: 10/10 levels left

rFire   . . .      SeeInvis .    b - +4 battleaxe (vamp)
rCold   . . .      Faith    .    (shield currently unavailable)
rNeg    . . .      Spirit   .    r - quicksilver dragon scales "Reuceh" {*Corrode Will+ Dex+10 Slay+3}
rPois   +          Reflect  +    (helmet restricted)
rElec   .          Harm     +    v - scarf {harm}
rCorr   +          Rampage  .    (no gloves)
Will    +++..                    l - +2 pair of boots
Stlth   ++........               e - amulet of reflection
HPRegen 1.35/turn                a - ring of resist corrosion
MPRegen 0.12/turn                (no ring)

@: strong-willed, on berserk cooldown, regenerating, slowed, lightly drained,
very slow
A: horns 2, retaliatory headbutt, thin skeletal structure 1, clever 1, poison
resistance, shaggy fur 1
a: Renounce Religion, Berserk, Trog's Hand, Brothers in Arms


You were on level 1 of the Orcish Mines.
You worshipped Trog.
Trog was greatly pleased with you.
You visited 2 branches of the dungeon, and saw 9 of its levels.

You collected 466 gold pieces.
You spent 280 gold pieces at shops.

Inventory:

Hand Weapons
 b - a +4 vampiric battleaxe (weapon)
 x - a +2 flail of distortion
Missiles
 g - 2 throwing nets (quivered)
Armour
 l - a +2 pair of boots (worn)
 r - the quicksilver dragon scales "Reuceh" (worn) {*Corrode Will+ Dex+10 Slay+3}
   (You found it on level 4 of the Dungeon)

   Dex:       It affects your dexterity (+10).
   Slay:      It affects your accuracy & damage with ranged weapons and melee
   (+3).
   *Corrode:  It may corrode you when you take damage.
   Will:      It increases your willpower.
 v - a scarf of harm (worn)
Jewellery
 a - a ring of resist corrosion (left hand)
 e - an amulet of reflection (around neck)
Scrolls
 c - 2 scrolls of immolation
 m - 7 scrolls of identify
 y - a scroll of silence
Potions
 i - a potion of berserk rage
 n - 5 potions of curing
 u - 2 potions of attraction
 z - a potion of invisibility


   Skills:
 + Level 8.4 Fighting
 * Level 12.6(14.5) Axes
 - Level 11.7(14.0) Maces & Flails
 + Level 7.8 Armour
 + Level 6.1 Dodging
 - Level 0.4 Stealth
 + Level 1.8 Shields


You had 10 spell levels left.
You didn't know any spells.
Your spell library contained the following spells:

 Spells                   Type           Power      Damage    Failure   Level
 Ensorcelled Hibernation  Hex/Ice        0%         N/A       67%         2
 Spider Form              Tmut/Pois      0%         N/A       88%         3
 Anguish                  Hex/Necr       0%         N/A       99%         4


Dungeon Overview and Level Annotations

Branches:
Dungeon (10/15)            Temple (0/1) D:4            Lair (0/5) D:10
    Orc (1/2) D:10

Altars:
Ashenzari
Fedhas
Ru
Sif Muna
Zin
The Shining One

Shops:
D:8 *   D:9 =

Annotations:
Orc:1 Josephine


Innate Abilities, Weirdness & Mutations

You have a pair of horns on your head.
You reflexively headbutt those who attack you in melee.
You have a somewhat thin skeletal structure. (Dex +2, Stealth+)
Your mind is acute. (Int +4, Str/Dex -1)
Your system is resistant to poisons. (rPois)
You are covered in fur. (AC +1)


Message History

Josephine hits you with a +2 vampiric dagger.
Josephine draws strength from your wounds!
The orc knight barely misses you.
You slice the orc knight!!
You kill the orc knight!
Trog accepts your kill.
You hit the ogre. You slice Josephine!!
Josephine hits you with a +2 vampiric dagger!
Josephine draws strength from your wounds!
The ogre hits you with a +0 giant club!!
* * * LOW HITPOINT WARNING * * *
Josephine hits you with a +2 vampiric dagger!
* * * LOW HITPOINT WARNING * * *
Josephine draws strength from your wounds!
You feel better.
Josephine laughs insanely.
Josephine hits you but does no damage. You block the ogre's attack.
Josephine hits you with a +2 vampiric dagger.
* * * LOW HITPOINT WARNING * * *
Josephine draws strength from your wounds!
Blink to where?
Press: ? - help, Dir - move target
As you read the scroll of blinking, it crumbles to dust.
You feel better.
Josephine gestures at you while chanting.
The ghostly flame explodes!
The ghostly fireball engulfs you!
You feel drained.
* * * LOW HITPOINT WARNING * * *
You block Josephine's attack.
You feel better. Josephine casts a spell at you.
The ghostly flame explodes!
The ghostly fireball engulfs you!
You feel drained.
* * * LOW HITPOINT WARNING * * *
The ghostly fireball engulfs Josephine.
Josephine completely resists.
Josephine hits you with a +2 vampiric dagger!
* * * LOW HITPOINT WARNING * * *
Your skin crawls.
You feel strong-willed. Josephine barely misses you. You furiously retaliate!
You headbutt Josephine!
Josephine hits you with a +2 vampiric dagger!
You die...

. ##≈#..≈§≈# #....#
... ###..≈≈## #....#
.... #...## #....#
..... #§§.## #.....#
.....## ##§..#
#...... #.....)###
###....# ####..
#.....)[.####≈....##
......#)W#≈##.....#
..... #.W.OW@@..###
.... ##....W§.## ...
#....§≈§# ..
....##≈≈≈≈# .
.....##≈§≈≈#
.......##≈≈##
#...... #### ......$
##.....$.


You could see Josephine (fast), 4 wraiths and an ogre.

Vanquished Creatures
  Harold (D:10)
  Pikel (D:5)
  A deep elf pyromancer (D:8)
  An orc knight (Orc:1)
  A cyclops (D:8)
  5 trolls
  Grinder (D:3)
  A hornet (D:9)
  A shadow (D:10)
  A vampire (D:10)
  2 wraiths
  2 wyverns (D:9)
  Eustachio (D:4)
  5 yaks (D:9)
  Edmund (D:5)
  A water moccasin (D:8)
  Duvessa (D:4)
  4 orc warriors
  An ogre (Orc:1)
  A black bear (D:8)
  2 centaurs
  3 lemures (D:5)
  3 necrophages
  5 bullfrogs
  7 wights
  Dowan (D:4)
  8 killer bees (D:10)
  3 electric eels (D:8)
  6 howler monkeys
  A lava snake (Orc:1)
  A jelly (D:5)
  7 orc priests
  Jessica (D:2)
  Ijyb (D:3)
  9 orc wizards
  Terence (D:2)
  Robin (D:4)
  12 gnolls
  5 adders
  A shadow imp (D:5)
  A white imp (D:5)
  4 worms
  A dart slug (D:4)
  29 orcs
  10 ball pythons
  10 bats
  8 endoplasms
  5 giant cockroaches
  20 goblins
  7 hobgoblins
  9 jackals (D:1)
  4 quokkas
  7 frilled lizards
  5 kobolds
  3 rats
234 creatures vanquished.

Vanquished Creatures (others)
  3 fungi (D:1)
  24 plants
27 creatures vanquished.

Grand Total: 261 creatures vanquished

Notes
Turn   | Place    | Note
-------+----------+-------------------------------------------
     0 | D:1      | yumyumyeen the Minotaur Berserker began the quest for the
                  | Orb.
     0 | D:1      | Reached XP level 1. HP: 19/19 MP: 0/0
    22 | D:1      | Reached XP level 2. HP: 18/27 MP: 1/1
    72 | D:1      | Reached skill level 4 in Axes
   375 | D:1      | Reached XP level 3. HP: 27/33 MP: 2/2
   696 | D:1      | Reached ** piety under Trog
   714 | D:1      | Found a faded altar of an unknown god.
  1181 | D:2      | Noticed Terence
  1193 | D:2      | Killed Terence
  1194 | D:2      | Reached XP level 4. HP: 14/41 MP: 3/3
  1458 | D:2      | Reached skill level 5 in Axes
  1835 | D:2      | Noticed Jessica
  1847 | D:2      | Killed Jessica
  1848 | D:2      | Reached XP level 5. HP: 33/47 MP: 4/4
  2320 | D:3      | Reached skill level 6 in Axes
  2606 | D:3      | Reached *** piety under Trog
  2607 | D:3      | Noticed Grinder
  2613 | D:3      | Reached XP level 6. HP: 51/55 MP: 5/5
  2615 | D:3      | Paralysed by Grinder for 2 turns
  2619 | D:3      | Paralysed by Grinder for 2 turns
  2627 | D:3      | Killed Grinder
  2628 | D:3      | Reached skill level 7 in Axes
  2874 | D:3      | Noticed Ijyb
  2875 | D:3      | Paralysed by Ijyb for 4 turns
  2883 | D:3      | Killed Ijyb
  3164 | D:4      | Reached skill level 5 in Fighting
  3164 | D:4      | Reached XP level 7. HP: 61/61 MP: 6/6
  3166 | D:4      | Reached skill level 8 in Axes
  3180 | D:4      | Identified the quicksilver dragon scales "Reuceh" {*Corrode
                  | Will+ Dex+10 Slay+3}
  3186 | D:4      | Noticed Eustachio
  3221 | D:4      | Killed Eustachio
  3320 | D:4      | Noticed Dowan
  3320 | D:4      | Noticed Duvessa
  3330 | D:4      | Killed Duvessa
  3341 | D:4      | Killed Dowan
  3342 | D:4      | Reached skill level 9 in Axes
  3556 | D:4      | Found a staircase to the Ecumenical Temple.
  3585 | D:4      | Noticed Robin
  3601 | D:4      | Killed Robin
  3717 | D:4      | Identified the +9 long sword "Moday" {drain, rPois rN+
                  | Dex+4}
  3956 | D:5      | Entered Level 5 of the Dungeon
  3993 | D:5      | Noticed Edmund
  4001 | D:5      | Killed Edmund
  4002 | D:5      | Reached XP level 8. HP: 36/68 MP: 7/7
  4279 | D:5      | Reached skill level 1 in Maces & Flails
  4359 | D:5      | Reached skill level 5 in Armour
  4408 | D:5      | Noticed Pikel
  4414 | D:5      | Killed Pikel
  4415 | D:5      | Reached skill level 5 in Maces & Flails
  5017 | D:5      | You fall into a shaft and drop 3 floors!
  5017 | D:8      | Found a sacrificial altar of Ru.
  5017 | D:8      | Found a blossoming altar of Fedhas.
  5020 | D:8      | Found a glowing silver altar of Zin.
  5041 | D:8      | Noticed a deep elf pyromancer
  5041 | D:8      | Noticed a troll
  5049 | D:8      | Killed a troll
  5050 | D:8      | Reached XP level 9. HP: 75/75 MP: 8/8
  5054 | D:8      | Killed a deep elf pyromancer
  5073 | D:8      | Noticed a cyclops
  5083 | D:8      | Killed a cyclops
  5136 | D:8      | Reached skill level 10 in Maces & Flails
  5445 | D:8      | Found Onkinau's Elemental Accessories.
  5839 | D:8      | Reached XP level 10. HP: 86/86 MP: 9/9
  6102 | D:8      | Found a shimmering blue altar of Sif Muna.
  6104 | D:8      | Reached **** piety under Trog
  6193 | D:8      | Found a broken altar of Ashenzari.
  7078 | D:9      | Identified 2 scrolls of acquirement
  7078 | D:9      | Acquired an amulet of reflection
  7192 | D:9      | Acquired a +4 vampiric battleaxe
  7195 | D:9      | Gained mutation: Your mind is acute. (Int +4, Str/Dex -1)
                  | [potion of mutation]
  7195 | D:9      | Gained mutation: You have a somewhat thin skeletal
                  | structure. (Dex +2, Stealth+) [potion of mutation]
  7195 | D:9      | Gained mutation: Your system is resistant to poisons.
                  | (rPois) [potion of mutation]
  7195 | D:9      | Gained mutation: You are covered in fur. (AC +1) [potion of
                  | mutation]
  8071 | D:9      | Reached skill level 5 in Dodging
  8074 | D:9      | Reached skill level 10 in Axes
  8180 | D:9      | Found Hudiz's Jewellery Shop.
  8611 | D:9      | Bought a ring of resist corrosion for 280 gold pieces
  8646 | D:10     | Entered Level 10 of the Dungeon
  8673 | D:10     | Found a glowing golden altar of the Shining One.
  8747 | D:10     | Reached skill level 1 in Shields
  8765 | D:10     | Reached skill level 11 in Axes
  8772 | D:10     | Found a staircase to the Orcish Mines.
  8923 | D:10     | Found a staircase to the Lair.
  8981 | D:10     | Noticed Harold
  8990 | D:10     | Killed Harold
  8991 | D:10     | Reached XP level 11. HP: 94/94 MP: 10/10
  8992 | D:10     | Reached skill level 12 in Axes
  9481 | Orc:1    | Entered Level 1 of the Orcish Mines
  9572 | Orc:1    | Noticed an orc knight
  9585 | Orc:1    | Noticed Josephine
  9593 | Orc:1    | Killed an orc knight
  9600 | Orc:1    | Slain by Josephine

Illustrated notes

Levels and vault maps discovered:
D:1:      dpeg_arrival_fog, layout_loops_ring,
          shapermc_ecumenical_altar_mp_urbaneastern, minmay_crystal_room,
          serial_bayou_pond_a
D:2:      layout_loops_ring, nrook_mini_backslash,
          chequers_serial_rivers_micro_d, chequers_jeans, uniq_jessica,
          uniq_terence
D:3:      layout_loops_ring, minmay_misc_feat_pillars, uniq_grinder, uniq_ijyb
D:4:      layout_basic, minmay_temple_entry_waves, uniq_robin, uniq_eustachio,
          uniq_duvessa
D:5:      layout_basic, uniq_pikel, uniq_edmund
D:8:      minmay_curly_fans, layout_basic, kennysheep_orc_sif_temple,
          chequers_temple_overflow_statue_of_worship,
          mainiacjoe_overflow_concentric_impassable, nrook_mini_vaults,
          chequers_big_river, nicolae_elemental_shop, st_stairs_6
D:9:      layout_loops_ring, serial_shops, nicolae_square_shop
D:10:     layout_loops_ring, nicolae_tso_swordbearing_angel, lair_entry_dummy,
          david_orc_2, uniq_harold
Orc:1:    layout_diamond_mine, ebering_ghost_rock_garden, serial_shops, shop,
          nicolae_orc_lava_tube, abandoned_shop, uniq_josephine, uniq_erolcha

Skill      XL: |  1  2  3  4  5  6  7  8  9 10 11 |
---------------+----------------------------------+-----
Fighting       | 4 5 6 7 8 |  8.4
Axes           | 4 5 6 7 9 11 12 | 12.6
Armour         | 3 4 5 6 7 |  7.8
Dodging        | 3 4 6 |  6.1
Maces & Flails | 6 10 11 | 11.7
Shields        | 1 |  1.8
Stealth        | |  0.4

Action                   |  1- 3 |  4- 6 |  7- 9 | 10-12 || total
-------------------------+-------+-------+-------+-------++-------
Melee: Hand axe          |   117 |    39 |       |       ||   156
       Headbutt          |     9 |    18 |    28 |    22 ||    77
       War axe           |       |    62 |    53 |       ||   115
       Punch             |       |     1 |     1 |       ||     2
       Flail             |       |       |    87 |    38 ||   125
       Battleaxe         |       |       |       |    84 ||    84
Invok: Berserk           |     2 |     2 |     4 |     3 ||    11
       Trog's Hand       |     1 |     1 |     2 |     2 ||     6
  Use: Scroll            |       |       |       |    13 ||    13
       Potion            |       |       |       |    13 ||    13
 Stab: Sleeping          |       |       |       |     2 ||     2
Armor: Animal skin       |    13 |       |       |       ||    13
       Leather armour    |    30 |     2 |       |       ||    32
       Scale mail        |       |    35 |    26 |       ||    61
       Quicksilver drago |       |       |    46 |    42 ||    88
Dodge: Dodged            |    61 |    48 |   131 |    75 ||   315
Block: Other             |       |       |       |    24 ||    24
       Reflection        |       |       |       |     3 ||     3

Table legend: (Time is in decaauts)
 A = Elapsed time spent in this place.
 B = Non-inter-level travel time spent in this place.
 C = Inter-level travel time spent in this place.
 D = Time resting spent in this place.
 E = Time spent auto-exploring this place.
 F = Levels seen in this place.
 G = Mean time per level.
                   A        B        C        D        E       F      G
               +--------+--------+--------+--------+--------+-----+--------+
         Total |   9744 |   9731 |     13 |   2200 |   4545 |   9 | 1082.7 |
       Dungeon |   9622 |   9609 |     13 |   2200 |   4500 |   8 | 1202.8 |
  Orcish Mines |    122 |    122 |      0 |      0 |     45 |   1 |  122.0 |
               +--------+--------+--------+--------+--------+-----+--------+

Top non-repeatable levels by time:
     D:8: 1924 daAuts
     D:9: 1733 daAuts
     D:1: 1158 daAuts
     D:2: 1131 daAuts
     D:5: 1070 daAuts
     D:3: 920 daAuts
    D:10: 868 daAuts
     D:4: 815 daAuts
   Orc:1: 122 daAuts
